[Event "ICCopen2017"]
[Site "Internet Chess Club"]
[Date "2017.04.02"]
[Round "8"]
[White "Massada"]
[Black "Almutairih"]
[Result "0-1"]
[ICCResult "White forfeits on time"]
[WhiteElo "1443"]
[BlackElo "1304"]
[Opening "Robatsch (modern) defense"]
[ECO "B06"]
[NIC "KF.06"]
[Time "20:32:29"]
[TimeControl "180+0"]

1. e4 g6 2. Nf3 Bg7 3. d4 c5 4. dxc5 Qa5+ 5. Nc3 Qxc5 6. Bd2 Nc6 7. Be2 d6
8. O-O Bg4 9. h3 Bxf3 10. Bxf3 Ne5 11. Be2 Nf6 12. Be3 Qc8 13. f4 Nc4 14.
Bxc4 Qxc4 15. e5 dxe5 16. fxe5 Nh5 17. Qf3 Bxe5 18. Nd5 f5 19. g4 Ng7 20.
Bg5 O-O-O 21. Nxe7+ Kb8 22. b3 Qc5+ 23. Be3 Qxe7 24. Qf2 Bxa1 25. Bxa7+ Ka8
26. Qb6 Bd4+ 27. Qxd4 Rxd4 28. Bxd4 Qe4 29. Bf2 fxg4 {White forfeits on
time} 0-1

[Event "ICCopen2017"]
[Site "Internet Chess Club"]
[Date "2017.04.02"]
[Round "8"]
[White "Sam08"]
[Black "devotional"]
[Result "0-1"]
[ICCResult "White resigns"]
[WhiteElo "2461"]
[BlackElo "2183"]
[Opening "Petrov: Nimzovich attack"]
[ECO "C42"]
[NIC "RG.03"]
[Time "20:32:39"]
[TimeControl "180+0"]

1. e4 e5 2. Nf3 Nf6 3. Nxe5 d6 4. Nf3 Nxe4 5. Nc3 Nf6 6. d4 d5 7. Bd3 Bd6 8.
h3 h6 9. O-O O-O 10. Be3 c6 11. Qd2 Re8 12. Rae1 Ne4 13. Qc1 Bf5 14. Ne2 Nd7
15. Bf4 Ndf6 16. Bxd6 Nxd6 17. Bxf5 Nxf5 18. Qf4 Nd6 19. Ne5 Re6 20. Ng3 Qf8
21. b3 Rae8 22. Rb1 Nfe4 23. Nxe4 Nxe4 24. c4 Nc3 25. Rb2 f6 26. Ng6 Qf7 27.
Qf5 Ne2+ 28. Kh1 Nxd4 29. Qd3 Re1 30. Rb1 Rxb1 31. Rxb1 Ne6 32. cxd5 Nc5 33.
Qc2 Qxd5 34. Nf4 Qe4 35. Qc4+ Qxc4 36. bxc4 b6 37. g3 g5 38. Nh5 Kf7 39. Kg2
Re2 40. g4 Rxa2 41. Ng3 Nd3 42. Ne4 Nf4+ 43. Kg3 Ra3+ 44. f3 Ne2+ 45. Kf2
Nd4 46. c5 Rxf3+ 47. Kg2 b5 48. Rd1 Rf4 49. Rxd4 Ke7 50. Kg3 a5 51. Nd6 Rxd4
52. Nf5+ Ke6 53. Nxd4+ Kd5 54. Nc2 b4 55. Kf3 Kxc5 56. Ke3 Kc4 57. Kd2 c5
58. Ne3+ Kd4 59. Nf5+ Ke4 60. Nxh6 a4 61. Ng8 Ke5 62. Kc2 a3 63. Ne7 c4 64.
Nc6+ Kf4 65. Nxb4 Kg3 66. Kc3 Kxh3 67. Kxc4 Kxg4 68. Kb3 Kf3 69. Kxa3 g4 70.
Kb3 g3 71. Kc3 f5 72. Nd3 g2 73. Ne1+ Kf2 74. Nxg2 Kxg2 75. Kd3 f4
{White resigns}
0-1

[Event "ICCopen2017"]
[Site "Internet Chess Club"]
[Date "2017.04.02"]
[Round "8"]
[White "DoctorWho"]
[Black "sacov"]
[Result "1/2-1/2"]
[ICCResult "Game drawn by repetition"]
[WhiteElo "1969"]
[BlackElo "2182"]
[Opening "Queen's gambit declined"]
[ECO "D30"]
[NIC "QP.08"]
[Time "20:32:38"]
[TimeControl "180+0"]

1. d4 d5 2. c4 e6 3. a3 c5 4. cxd5 exd5 5. Nf3 Nc6 6. Nc3 Nf6 7. Bg5 Be7 8.
e3 O-O 9. Be2 Be6 10. O-O c4 11. Ne5 Rc8 12. f4 Bf5 13. Bxf6 Bxf6 14. Bf3
Bxe5 15. fxe5 Bd3 16. Rf2 Ne7 17. Be2 Bg6 18. Bg4 Rc6 19. h4 f5 20. Bf3 Bf7
21. g3 Be6 22. Bg2 Kh8 23. Qh5 Rg8 24. Raf1 g6 25. Qg5 Rf8 26. Kh2 a5 27.
Bh3 Ng8 28. Qxd8 Rxd8 29. Nb5 Kg7 30. Nd6 Rdxd6 31. exd6 Rxd6 32. h5 Nf6 33.
hxg6 hxg6 34. Rf4 Rb6 35. R1f2 Ne4 36. Rc2 Kf6 37. Rf1 Rb3 38. Re2 b5 39.
Bg2 Ng5 40. g4 b4 41. axb4 axb4 42. Kg3 Ne4+ 43. Bxe4 dxe4 44. gxf5 gxf5 45.
Kf4 c3 46. Rb1 Bc4 47. Rh2 Bd3 48. Rg1 cxb2 49. Rh6+ Kf7 50. Rh7+ Ke6 51.
Rg6+ Kd5 52. Rd7+ Kc4 53. Rc7+ Kb5 54. Rb7+ Ka5 55. Ra7+ Kb5 56. Rb7+ Ka5
57. Ra7+ Kb5 58. Rb7+ Ka5 59. Ra7+ Kb5 60. Rb7+ Ka4 61. Ra7+ Kb5
{Game drawn by repetition}
1/2-1/2

[Event "ICCopen2017"]
[Site "Internet Chess Club"]
[Date "2017.04.02"]
[Round "8"]
[White "ZonaLeste"]
[Black "carpedef"]
[Result "1-0"]
[ICCResult "Black forfeits on time"]
[WhiteElo "1668"]
[BlackElo "1753"]
[Opening "Sicilian: Kan, Maróczy bind (Réti variation)"]
[ECO "B41"]
[NIC "SI.41"]
[Time "20:32:46"]
[TimeControl "180+0"]

1. e4 c5 2. Nf3 e6 3. d4 cxd4 4. Nxd4 a6 5. c4 Qc7 6. Nc3 Nf6 7. Be3 d6 8.
g3 Be7 9. Bg2 O-O 10. O-O Nbd7 11. Qe2 Ne5 12. b3 b5 13. f4 Neg4 14. e5 Nxe3
15. exf6 Nxg2 16. fxe7 Qxe7 17. cxb5 Bb7 18. Nc6 Bxc6 19. bxc6 Qf6 20. Ne4
Qd4+ 21. Kxg2 d5 22. Ng5 Rfc8 23. Rac1 a5 24. Qc2 g6 25. Nf3 Qb6 26. Ne5 Rc7
27. Nd7 Qd4 28. Rfd1 Qg7 29. g4 Rac8 30. g5 h6 31. Nf6+ Kf8 32. Qc5+ Re7 33.
Re1 hxg5 34. fxg5 Rc7 35. b4 axb4 36. Rb1 Qh8 37. Rxb4 Kg7 38. Qd4 e5 39.
Rxe5 {Black forfeits on time} 1-0

[Event "ICCopen2017"]
[Site "Internet Chess Club"]
[Date "2017.04.02"]
[Round "8"]
[White "Kjaan1974"]
[Black "JUGGERNOT"]
[Result "0-1"]
[ICCResult "White forfeits on time"]
[WhiteElo "1496"]
[BlackElo "1681"]
[Opening "Scandinavian: Icelandic gambit"]
[ECO "B01"]
[NIC "SD.03"]
[Time "20:33:04"]
[TimeControl "180+0"]

1. e4 d5 2. exd5 Nf6 3. c4 e6 4. dxe6 Bxe6 5. Nf3 Qe7 6. Be2 Bxc4 7. d3 Bd5
8. O-O Nbd7 9. Nc3 Be6 10. Re1 c6 11. Nd4 O-O-O 12. Nxe6 Qxe6 13. Bg5 Qf5
14. Bxf6 Nxf6 15. Qa4 Bc5 16. Rf1 Bb6 17. Ne4 Nxe4 18. dxe4 Qe5 19. b4 Rd4
20. Qb3 Bc7 21. g3 Rxe4 22. Bf3 Rd4 23. Rae1 Qf6 24. Bg2 Rhd8 25. Re3 Bd6
26. Rf3 Qg6 27. Rxf7 Rxb4 28. Qf3 Be5 29. Re1 Bf6 30. Qa3 Rb1 31. Bh3+ Kb8
32. Rxb1 Qxb1+ 33. Kg2 Qe4+ 34. Qf3 Qg6 35. Qf4+ Ka8 36. Be6 Re8 37. Qc7
Qe4+ 38. f3 Qe2+ 39. Kh3 Qxe6+ 40. g4 Rb8 41. Rxg7 Bxg7 {White forfeits on
time} 0-1

[Event "ICCopen2017"]
[Site "Internet Chess Club"]
[Date "2017.04.02"]
[Round "8"]
[White "Saniser"]
[Black "Fighterman"]
[Result "1-0"]
[ICCResult "Black forfeits on time"]
[WhiteElo "2286"]
[BlackElo "2465"]
[Opening "Sicilian: Canal-Sokolsky (Nimzovich-Rossolimo, Moscow) attack"]
[ECO "B51"]
[NIC "SI.01"]
[Time "20:32:12"]
[TimeControl "180+0"]

1. e4 c5 2. Nf3 d6 3. Bb5+ Nd7 4. O-O a6 5. Bd3 Ngf6 6. c3 e6 7. Bc2 c4 8.
b3 b5 9. a4 Bb7 10. axb5 axb5 11. Rxa8 Qxa8 12. bxc4 bxc4 13. Na3 Bxe4 14.
Nxc4 Bxf3 15. Qxf3 Qxf3 16. gxf3 d5 17. Ne3 Ne5 18. f4 Ng6 19. f5 Nf4 20.
fxe6 fxe6 21. d4 Ne2+ 22. Kg2 Nxc3 23. Re1 Kf7 24. Nd1 Nxd1 25. Bxd1 Bd6 26.
Bf3 Rb8 27. Be3 h6 28. Ra1 Rb7 29. Ra6 Ke7 30. Rc6 Rc7 31. Ra6 Nd7 32. Ra8
Nf6 33. Ra6 e5 34. dxe5 Bxe5 35. Ra5 Rd7 36. Bc5+ Ke6 37. Ra6+ Kf5 38. Be2
Ne4 39. Bd3 Rc7 40. Be3 Bf4 41. Bd4 Be5 42. Be3 Rc3 43. Bb5 Nf6 44. Ra4 g5
45. Be2 Ne4 46. h3 Bf4 47. Bd4 Rc2 48. Bg4+ Kg6 49. Ra6+ Kf7 50. Be6+ Kf8
51. Bxd5 Rd2 52. Ra8+ Ke7 53. Ra7+ Kd6 54. Bxe4 Rxd4 55. Ra6+ Ke5 56. Bf3 h5
57. Bxh5 Rd2 58. Ra5+ Kd4 59. Kf3 Kc3 60. Rc5+ Kd4 61. Rc8 Kd5 62. Rd8+ Ke5
63. Re8+ Kf6 64. Rf8+ Kg7 65. Rf5 Kg8 66. Kg2 Rc2 67. h4 Rc7 68. hxg5 Bd2
69. g6 Rg7 70. Rg5 Bc3 71. Rg3 Bf6 72. Rf3 Be7 73. Rd3 Bf8 74. f4 Re7 75. f5
Bg7 76. Rd8+ Bf8 77. f6 Re6 78. f7+ Kg7 79. Kg3 Rf6 80. Kg4 Re6 81. Kg5 Rd6
82. Rxf8 Kxf8 83. Kh6 Rxg6+ 84. Kxg6 Ke7 85. Kg7 Ke6 86. f8=Q Ke5 87. Qf6+
Kd5 88. Bg6 Kc4 89. Qe5 {Black forfeits on time} 1-0

[Event "ICCopen2017"]
[Site "Internet Chess Club"]
[Date "2017.04.02"]
[Round "8"]
[White "domti"]
[Black "Activekids"]
[Result "1-0"]
[ICCResult "Black resigns"]
[WhiteElo "2003"]
[BlackElo "2001"]
[Opening "Caro-Kann: Panov-Botvinnik attack"]
[ECO "B13"]
[NIC "CK.03"]
[Time "20:32:52"]
[TimeControl "180+0"]

1. e4 c6 2. d4 d5 3. exd5 cxd5 4. c4 Nf6 5. Nc3 Nc6 6. Bg5 Ne4 7. Be3 Qa5 8.
Qb3 e6 9. Bd3 Nxc3 10. bxc3 dxc4 11. Bxc4 Bd6 12. Ne2 O-O 13. O-O Qh5 14.
Ng3 Qh4 15. f4 Na5 16. Qa4 Nxc4 17. Qxc4 Bd7 18. Ne4 Be7 19. Ng5 Bxg5 20.
fxg5 Bc6 21. Qe2 Qe4 22. Qd2 Rac8 23. Rf4 Qd5 24. Rh4 e5 25. dxe5 Qxe5 26.
Bd4 Qd5 27. Qf2 Rce8 28. Rh3 Re4 29. Rf1 Rg4 30. Rg3 Re4 31. g6 f6 32. gxh7+
Kxh7 33. Qf3 Kg8 34. Bxf6 Qc5+ 35. Bd4 Rxd4 36. Qxf8+ Qxf8 37. Rxf8+ Kxf8
38. cxd4 {Black resigns} 1-0

[Event "ICCopen2017"]
[Site "Internet Chess Club"]
[Date "2017.04.02"]
[Round "8"]
[White "Shech"]
[Black "Eloist"]
[Result "0-1"]
[ICCResult "White forfeits on time"]
[WhiteElo "2404"]
[BlackElo "2192"]
[Opening "Queen's Indian: old main line, 7.Nc3"]
[ECO "E18"]
[NIC "QI.11"]
[Time "20:33:13"]
[TimeControl "180+0"]

1. Nf3 Nf6 2. c4 e6 3. g3 b6 4. Bg2 Bb7 5. O-O Be7 6. Nc3 O-O 7. d4 Ne4 8.
Qc2 Nxc3 9. bxc3 Nc6 10. Ne5 Na5 11. Bxb7 Nxb7 12. Rb1 Na5 13. Qa4 d6 14.
Nc6 Qd7 15. Nxe7+ Qxe7 16. c5 dxc5 17. Ba3 Rfd8 18. dxc5 Qd7 19. Qf4 Qc6 20.
Rfd1 Nb7 21. Qg5 h6 22. Qe7 Re8 23. Qd7 Qxd7 24. Rxd7 Rac8 25. cxb6 axb6 26.
c4 Na5 27. c5 Nc4 28. Bb4 Ne5 29. Rd2 Rb8 30. Rbd1 Ra8 31. a3 g5 32. cxb6
cxb6 33. f3 Ra7 34. Rd6 Nc4 35. Rc6 Ne3 36. Rdd6 Nf5 37. Rd3 b5 38. e4 Ne7
39. Rb6 Ng6 40. Rxb5 Rc8 41. Kf2 Rc2+ 42. Ke3 Rac7 43. Rb8+ Kg7
{White forfeits on time}
0-1

[Event "ICCopen2017"]
[Site "Internet Chess Club"]
[Date "2017.04.02"]
[Round "8"]
[White "anitak"]
[Black "nikenwidiartto"]
[Result "0-1"]
[ICCResult "White forfeits on time"]
[WhiteElo "2058"]
[BlackElo "1877"]
[Opening "English: Caro-Kann defensive system"]
[ECO "A11"]
[NIC "EO.64"]
[Time "20:32:39"]
[TimeControl "180+0"]

1. c4 c6 2. Nc3 d5 3. d4 Nf6 4. cxd5 cxd5 5. g3 Nc6 6. Bg2 Bg4 7. Nf3 e6 8.
O-O Bd6 9. a3 Rc8 10. Bg5 O-O 11. Rc1 h6 12. Bxf6 Qxf6 13. e3 Na5 14. h3 Bh5
15. Qe2 Nc4 16. Nb5 Bb8 17. b3 Nd6 18. Nxd6 Bxd6 19. b4 a6 20. g4 Bg6 21.
Qd2 b5 22. Rfd1 Rc4 23. Rxc4 bxc4 24. Qc3 Rc8 25. Nd2 h5 26. Bf3 hxg4 27.
hxg4 Qg5 28. Nf1 f5 29. Ng3 fxg4 30. Bg2 Qh4 31. e4 Bxg3 32. fxg3 Qd8 33.
exd5 exd5 34. Re1 Rc7 35. Re5 Rd7 36. Qe3 a5 37. bxa5 Qxa5 38. Re8+ Kh7 39.
Qe5 Rf7 40. Re6 Qd8 41. Kh2 c3 42. Rc6 c2 43. Qxd5 Qxd5 44. Bxd5 Rf2+ 45.
Bg2 Rd2 46. d5 Rd1 47. d6 c1=Q {White forfeits on time} 0-1

[Event "ICCopen2017"]
[Site "Internet Chess Club"]
[Date "2017.04.02"]
[Round "8"]
[White "mika53"]
[Black "SasaMike"]
[Result "1/2-1/2"]
[ICCResult "Black ran out of time and White has no material to mate"]
[WhiteElo "1952"]
[BlackElo "1713"]
[Opening "two knights defense: Wilkes Barre (Traxler) variation"]
[ECO "C57"]
[NIC "KP.01"]
[Time "20:32:53"]
[TimeControl "180+0"]

1. e4 e5 2. Nf3 Nc6 3. Bc4 Nf6 4. Ng5 Bc5 5. O-O O-O 6. c3 h6 7. Nf3 d6 8.
d4 exd4 9. cxd4 Bb6 10. e5 dxe5 11. dxe5 Ne4 12. Bd5 Nxf2 13. Rxf2 Nb4 14.
Nc3 c6 15. Bb3 Nd3 16. Ne4 Nxf2 17. Nxf2 Bg4 18. Kf1 Be6 19. Bf4 Qe7 20. Qe2
Rad8 21. Rd1 Bxb3 22. axb3 Qe6 23. Rd6 Qxb3 24. g3 Rfe8 25. Qd3 Qxb2 26. Ne4
Qa1+ 27. Kg2 Qb2+ 28. Kh3 Qa2 29. g4 Bc7 30. Rd7 Qe6 31. Rxd8 Rxd8 32. Qa3
h5 33. Nf2 hxg4+ 34. Nxg4 f5 35. exf6 Bxf4 36. fxg7 Kxg7 37. Qxa7 Rd7 38.
Qc5 Rd5 39. Qc3+ Kh7 40. Kh4 Qe7+ 41. Nf6+ Kg6 42. Kg4 Qxf6 43. Qxf6+ Kxf6
44. Kxf4 Rh5 45. h4 Rxh4+ 46. Nxh4
{Black ran out of time and White has no material to mate}
1/2-1/2

[Event "ICCopen2017"]
[Site "Internet Chess Club"]
[Date "2017.04.02"]
[Round "8"]
[White "HouseMorgan"]
[Black "Revolutions"]
[Result "1-0"]
[ICCResult "Black checkmated"]
[WhiteElo "2175"]
[BlackElo "1867"]
[Opening "King's Indian, 3.Nf3"]
[ECO "E60"]
[NIC "QP.06"]
[Time "20:32:46"]
[TimeControl "180+0"]

1. d4 Nf6 2. Nf3 g6 3. c4 Bg7 4. g3 O-O 5. Bg2 c5 6. O-O cxd4 7. Nxd4 Nc6 8.
Nc2 d6 9. Nc3 Bf5 10. Ne3 Be6 11. Rb1 a6 12. b3 Ng4 13. Nxg4 Bxg4 14. Bb2
Rc8 15. h3 Bf5 16. e4 Be6 17. Qd2 Qd7 18. Kh2 h5 19. h4 Ne5 20. f3 b5 21.
cxb5 axb5 22. Ne2 Rc7 23. Nf4 Rfc8 24. Rbc1 Bh6 25. Bxe5 Rxc1 26. Rxc1 Rxc1
27. Bb2 Rc8 28. Qd4 Kh7 29. Nxe6 Qxe6 30. Bh3 f5 31. exf5 gxf5 32. Bg2 Rg8
33. Qd3 Qg6 34. f4 Bg7 35. Bc1 Bf6 36. Bh3 Bxh4 37. Bxf5 Bxg3+ 38. Kh3 Be1
39. Bxg6+ Rxg6 40. Qe2 Bc3 41. Qxe7+ Bg7 42. Bb2 Rg1 43. Bxg7 Rxg7 44. Qxd6
h4 45. Kxh4 b4 46. Qd3+ Kh8 47. Qd4 Kh7 48. Qxb4 Rf7 49. Qe4+ Kh8 50. f5 Rg7
51. f6 Rg6 52. Qe8+ Rg8 53. Qxg8+ Kxg8 54. Kg5 Kf7 55. Kf5 Kf8 56. b4 Kf7
57. b5 Kf8 58. b6 Ke8 59. b7 Kd7 60. b8=Q Kc6 61. Qb3 Kc5 62. Qe3+ Kd6 63.
f7 Kc7 64. f8=Q Kc6 65. Qfc5+ Kd7 66. Qee7# {Black checkmated} 1-0

[Event "ICCopen2017"]
[Site "Internet Chess Club"]
[Date "2017.04.02"]
[Round "8"]
[White "ziggyalbert"]
[Black "MyLien"]
[Result "0-1"]
[ICCResult "White forfeits on time"]
[WhiteElo "1279"]
[BlackElo "1548"]
[Opening "English opening"]
[ECO "A16"]
[NIC "EO.64"]
[Time "20:33:11"]
[TimeControl "180+0"]

1. c4 Nf6 2. Nc3 g6 3. g3 Bg7 4. Bg2 d6 5. d3 O-O 6. Nd5 Nbd7 7. Nxf6+ Nxf6
8. Bg5 h6 9. Bd2 Rb8 10. Rb1 c6 11. Nf3 c5 12. O-O Bd7 13. b3 Bc6 14. Bc3
Re8 15. a4 a5 16. Qd2 Qc7 17. Bxa5 b6 18. Bc3 e5 19. e4 Nh5 20. Qe2 Qe7 21.
Bd2 Kh7 22. Nh4 Bd7 23. Nf3 f5 24. a5 bxa5 25. Bxa5 Ra8 26. Bc3 f4 27. Nd2
Qg5 28. h4 Qe7 29. b4 fxg3 30. fxg3 Nxg3 31. Qf3 Nxf1 32. Rxf1 Rf8 33. Qe2
Rxf1+ 34. Nxf1 cxb4 35. Bxb4 Qf6 36. h5 g5 37. Qe3 Ra2 38. Qb6 Bg4 39. Bxd6
Bxh5 40. Qc7 Qf2+ 41. Kh1 Ra1 42. Bc5 Qf7 43. Qxf7 Bxf7 {White forfeits on
time} 0-1

[Event "ICCopen2017"]
[Site "Internet Chess Club"]
[Date "2017.04.02"]
[Round "8"]
[White "makingnosense"]
[Black "Radja"]
[Result "1-0"]
[ICCResult "Black forfeits on time"]
[WhiteElo "2157"]
[BlackElo "2411"]
[Opening "King's Indian: 6.Be2"]
[ECO "E91"]
[NIC "KI.19"]
[Time "20:32:52"]
[TimeControl "180+0"]

1. d4 Nf6 2. c4 g6 3. Nc3 Bg7 4. e4 d6 5. Nf3 O-O 6. Be2 Nbd7 7. Bf4 e5 8.
dxe5 dxe5 9. Nxe5 Nxe5 10. Qxd8 Rxd8 11. Bxe5 Re8 12. f4 c6 13. O-O-O Ng4
14. Bxg7 Kxg7 15. Bxg4 Bxg4 16. Rd6 a5 17. b3 a4 18. Kb2 b5 19. cxb5 cxb5
20. Rd4 a3+ 21. Kb1 Rab8 22. b4 Rec8 23. Kc2 Rc6 24. Kd2 Be6 25. Nd5 Rbc8
26. Ne3 Rc3 27. Ra1 f5 28. e5 Kf7 29. Rd3 R3c6 30. Rxa3 Rd8+ 31. Rd3 Rdc8
32. a4 bxa4 33. Rxa4 R8c7 34. b5 Rb6 35. Rb4 Rcb7 36. Nc4 Bxc4 37. Rxc4 Rxb5
38. Ke3 Rb1 39. Rcd4 Re1+ 40. Kf2 Rbb1 41. Rd7+ Ke8 42. Rxh7 Rf1+ 43. Kg3
Rb4 44. Ra3 Rd1 45. Ra8+ {Black forfeits on time} 1-0

[Event "ICCopen2017"]
[Site "Internet Chess Club"]
[Date "2017.04.02"]
[Round "8"]
[White "arsam"]
[Black "Quinten1994"]
[Result "0-1"]
[ICCResult "White forfeits on time"]
[WhiteElo "2583"]
[BlackElo "2332"]
[Opening "Sicilian, Chekhover variation"]
[ECO "B53"]
[NIC "SI.02"]
[Time "20:32:37"]
[TimeControl "180+0"]

1. e4 c5 2. Nf3 d6 3. d4 cxd4 4. Qxd4 Nc6 5. Bb5 Bd7 6. Bxc6 Bxc6 7. Nc3 Nf6
8. Bg5 e6 9. O-O-O Be7 10. Qd3 O-O 11. Nd4 Qc7 12. f3 Rfd8 13. h4 d5 14. Qe2
dxe4 15. fxe4 h6 16. e5 hxg5 17. hxg5 Nh7 18. g6 fxg6 19. Nxe6 Bg5+ 20. Kb1
Rxd1+ 21. Rxd1 Qe7 22. Qc4 Kh8 23. Rh1 Re8 24. Nd4 Qxe5 25. a3 Bxg2 26. Rg1
Bc6 27. Qf7 Qxd4 28. Rd1 Qf6 29. Qc7 Bf4 30. Qa5 Be5 31. Nd5 Bxd5 32. Qxd5
Bc7 33. Rh1 Rd8 34. Qc4 Bg3 35. Qg4 Bf4 36. Qh3 Bh6 37. Rf1 Qd6 38. Qh4 Qd7
39. Qf2 g5 40. Qf3 Rf8 41. Qg2 Rxf1+ 42. Qxf1 Qe8 43. Qc4 Qf8 44. Ka2 g4 45.
b3 Qg8 46. Qxg4 Qf7 47. Qe4 Nf8 48. Qd3 Qg8 49. Qd4 Ne6 {White forfeits on
time} 0-1

[Event "ICCopen2017"]
[Site "Internet Chess Club"]
[Date "2017.04.02"]
[Round "8"]
[White "asadue"]
[Black "ivancele"]
[Result "0-1"]
[ICCResult "White forfeits on time"]
[WhiteElo "1252"]
[BlackElo "1512"]
[Opening "Pirc: Ufimtsev-Pytel variation"]
[ECO "B07"]
[NIC "PU.08"]
[Time "20:32:59"]
[TimeControl "180+0"]

1. e4 d6 2. d4 Nf6 3. Nc3 c6 4. Be3 g6 5. f3 Bg7 6. Qd2 Qc7 7. g4 h5 8. Bh3
e5 9. O-O-O a6 10. g5 Ng8 11. Bxc8 Qxc8 12. h4 Ne7 13. Nh3 b5 14. Kb1 O-O
15. Nf2 Qc7 16. d5 c5 17. Rhe1 Nd7 18. Ne2 b4 19. Nc1 a5 20. b3 a4 21. Re2
Nb6 22. Nfd3 Nec8 23. Rh1 Ra7 24. Rhh2 axb3 25. cxb3 Ne7 26. Qe1 Rfa8 27.
Qg3 Ra6 28. Rb2 Ra3 29. f4 exf4 30. Nxf4 Nd7 31. Rhg2 Bxb2 32. Rxb2 Ne5 33.
Qh2 Qa7 {White forfeits on time} 0-1

[Event "ICCopen2017"]
[Site "Internet Chess Club"]
[Date "2017.04.02"]
[Round "8"]
[White "Baltimora"]
[Black "chessrex"]
[Result "1-0"]
[ICCResult "Black forfeits on time"]
[WhiteElo "2214"]
[BlackElo "1904"]
[Opening "Queen's pawn: Charlick (Englund) gambit"]
[ECO "A40"]
[NIC "QO.17"]
[Time "20:33:13"]
[TimeControl "180+0"]

1. d4 e5 2. dxe5 Nc6 3. Nf3 f6 4. Nc3 fxe5 5. e4 Nf6 6. Bc4 Bc5 7. O-O d6 8.
h3 Qe7 9. Bg5 Be6 10. Bxe6 Qxe6 11. Bxf6 gxf6 12. Nh4 O-O-O 13. Nf5 Nd4 14.
Nxd4 Bxd4 15. Ne2 Bb6 16. Ng3 Rhg8 17. Qf3 Kb8 18. a4 a5 19. b3 Rde8 20. Nf5
Rg6 21. Kh1 Reg8 22. Rg1 c6 23. c4 Rd8 24. Rad1 Rd7 25. Rd2 Bc5 26. Kh2 Bb4
27. Rdd1 Bc5 28. g3 Rg8 29. h4 Rgd8 30. Rd3 d5 31. cxd5 cxd5 32. Rxd5 Rxd5
33. exd5 Rxd5 34. Ne3 Rd2 35. Rg2 f5 36. Qxf5 Qxf5 37. Nxf5 Rxf2 38. Rxf2
Bxf2 39. Kg2 Bd4 40. Kf3 Bc3 41. Ke4 Kc7 42. g4 Kd7 43. Ne3 Ke6 44. Nd5 Bd4
45. Nc7+ Kd7 46. Nb5 Bb2 47. g5 Kc6 48. h5 Bc1 49. g6 hxg6 50. hxg6 Bh6 51.
Nc3 Kc5 52. Nd5 b5 53. axb5 Kxb5 54. Kxe5 Bg7+ 55. Ke6 a4 56. bxa4+ Kxa4 57.
Kf7 Bh6 58. Nf6 Kb5 59. Ng4 Bc1 60. g7 Bb2 61. g8=Q Bd4 62. Qe8+
{Black forfeits on time}
1-0

[Event "ICCopen2017"]
[Site "Internet Chess Club"]
[Date "2017.04.02"]
[Round "8"]
[White "TorelliMirco"]
[Black "fisherino"]
[Result "0-1"]
[ICCResult "White forfeits on time"]
[WhiteElo "1700"]
[BlackElo "1565"]
[Opening "King's Indian: orthodox, Aronin-Taimanov, 9.Ne1"]
[ECO "E98"]
[NIC "KI.01"]
[Time "20:32:59"]
[TimeControl "180+0"]

1. d4 Nf6 2. c4 g6 3. Nc3 Bg7 4. e4 d6 5. Be2 O-O 6. Nf3 e5 7. O-O Nc6 8. d5
Ne7 9. Ne1 Nd7 10. Nd3 f5 11. Bd2 c5 12. f3 f4 13. a3 Nf6 14. b4 cxb4 15.
axb4 b6 16. c5 bxc5 17. bxc5 dxc5 18. Nxc5 Qb6 19. Na4 Qd6 20. Bb4 Qb8 21.
Rb1 Qc7 22. d6 Qd8 23. dxe7 Qxe7 24. Qc2 Qc7 25. Rfc1 Bd7 26. Nxd7 Qxd7 27.
Bxf8 Rxf8 28. Rd1 Rc8 29. Qb3+ Qf7 30. Rd8+ Rxd8 31. Bc4 Bf8 32. Bxf7+ Kg7
{White forfeits on time}
0-1

[Event "ICCopen2017"]
[Site "Internet Chess Club"]
[Date "2017.04.02"]
[Round "8"]
[White "trianon"]
[Black "TeddyBear"]
[Result "1-0"]
[ICCResult "Black forfeits on time"]
[WhiteElo "2014"]
[BlackElo "1659"]
[Opening "Queen's pawn game"]
[ECO "D02"]
[NIC "QP.09"]
[Time "20:33:15"]
[TimeControl "180+0"]

1. Nf3 d5 2. d4 Bg4 3. c4 c6 4. Nc3 Bxf3 5. exf3 e6 6. Be3 Qb6 7. Qb3 Nd7 8.
c5 Qxb3 9. axb3 e5 10. b4 Ne7 11. Bd3 f5 12. f4 exd4 13. Bxd4 Ng6 14. g3 Kf7
15. h4 Ne7 16. h5 Rg8 17. b5 Nf6 18. b4 Ne4 19. Nxe4 fxe4 20. Be2 Nf5 21.
Be5 Be7 22. Bg4 Nh6 23. Bd7 cxb5 24. Bxb5 Bf6 25. Bd7 Rgd8 26. c6 bxc6 27.
Bxc6 Bxe5 28. fxe5 Rab8 29. Rxa7+ Kg8 30. b5 Ng4 31. Ke2 Nxe5 32. Rc1 Nxc6
33. bxc6 d4 34. c7 Rb2+ 35. Kd1 Rc8 36. Rc2 Rb3 37. Kd2 d3 38. Rca2
{Black forfeits on time}
1-0

[Event "ICCopen2017"]
[Site "Internet Chess Club"]
[Date "2017.04.02"]
[Round "8"]
[White "TudoracheM"]
[Black "fueguino"]
[Result "0-1"]
[ICCResult "White checkmated"]
[WhiteElo "1682"]
[BlackElo "1933"]
[Opening "Sicilian: Najdorf"]
[ECO "B90"]
[NIC "SI.14"]
[Time "20:34:51"]
[TimeControl "180+0"]

1. e4 c5 2. Nf3 d6 3. d4 cxd4 4. Nxd4 Nf6 5. Nc3 a6 6. f3 e5 7. Nb3 Be6 8.
Be3 Be7 9. Qd2 Nbd7 10. O-O-O h5 11. g3 b5 12. Bd3 Nb6 13. Bxb6 Qxb6 14. h3
b4 15. Ne2 a5 16. Kb1 a4 17. Nbc1 O-O 18. g4 h4 19. f4 b3 20. cxb3 axb3 21.
a3 d5 22. fxe5 Nxe4 23. Bxe4 dxe4 24. Nc3 Bxa3 25. bxa3 Rxa3 26. Qb2 Rfa8
27. N1e2 Qa5 28. Kc1 e3 29. Rdf1 Ra1+ 30. Nb1 Rc8+ 31. Kd1 Rxb1+ 32. Qxb1
Qd2# {White checkmated} 0-1

[Event "ICCopen2017"]
[Site "Internet Chess Club"]
[Date "2017.04.02"]
[Round "8"]
[White "newtonpp"]
[Black "sovereignpower"]
[Result "0-1"]
[ICCResult "White forfeits on time"]
[WhiteElo "1477"]
[BlackElo "1345"]
[Opening "Scotch game"]
[ECO "C45"]
[NIC "SO.05"]
[Time "20:33:14"]
[TimeControl "180+0"]

1. e4 e5 2. Nf3 Nc6 3. d4 exd4 4. Nxd4 Bc5 5. Nxc6 Qf6 6. Qf3 Qxc6 7. Nc3
Ne7 8. Bf4 O-O 9. O-O-O d6 10. Bb5 Qb6 11. Rhe1 a6 12. Ba4 Bxf2 13. Re2 Bd4
14. Red2 Bxc3 15. Qxc3 Ng6 16. Bg3 Bg4 17. Rf1 f6 18. h3 Be6 19. Rfd1 Ne5
20. Bf2 c5 21. Rxd6 Qc7 22. Rxe6 b5 23. Bb3 c4 {White forfeits on time} 0-1

[Event "ICCopen2017"]
[Site "Internet Chess Club"]
[Date "2017.04.02"]
[Round "8"]
[White "sravanrenjith"]
[Black "tenho"]
[Result "1/2-1/2"]
[ICCResult "White ran out of time and Black has no material to mate"]
[WhiteElo "1700"]
[BlackElo "1952"]
[Opening "Modern defense"]
[ECO "A40"]
[NIC "QO.17"]
[Time "20:32:47"]
[TimeControl "180+0"]

1. d4 g6 2. c4 Bg7 3. Nc3 c5 4. e3 cxd4 5. exd4 Nf6 6. Nf3 d5 7. Bg5 dxc4 8.
Bxc4 O-O 9. O-O Nc6 10. d5 Na5 11. Be2 b6 12. Bxf6 Bxf6 13. Nd4 Nb7 14. Nc6
Qd7 15. Ne4 Bxb2 16. Rb1 Bg7 17. Bb5 Nd6 18. Nxd6 Qxd6 19. Re1 Bf6 20. Rb3
Bd7 21. Rbe3 Rfe8 22. Qb3 a6 23. Bc4 b5 24. Be2 Bxc6 25. dxc6 Rad8 26. Bf3
Qc7 27. Rd1 Rxd1+ 28. Qxd1 Rd8 29. Rd3 Rd6 30. Rxd6 exd6 31. Kf1 Be5 32. Qd5
Kg7 33. h3 h5 34. Be4 Qb6 35. Bc2 Qc7 36. Bb3 Bf6 37. Qxf7+ Qxf7 38. Bxf7
Bd8 39. Bd5 Kf6 40. Ke2 Bb6 41. f4 Bc7 42. g4 hxg4 43. hxg4 a5 44. Kf3 b4
45. Ke4 a4 46. g5+ Kg7 47. f5 gxf5+ 48. Kxf5 Bd8 49. Ke6 Bc7 50. Kd7 Bb6 51.
c7 Bxc7 52. Kxc7 Kg6 53. Kxd6 Kxg5 54. Kc5 b3 55. axb3 a3 56. b4 Kf4 57. Ba2
Ke3 58. Kc4 Kd2 59. Kb3 Kd3 60. Kxa3 Kc3 61. Ka4 Kd4 62. b5 Kc5 63. Ka5 Kd6
64. b6 Kc6 65. Ka6 Kd7 66. b7 Kc7
{White ran out of time and Black has no material to mate}
1/2-1/2